[ AOE2 MATCH · #504543134 ]
UnrankedChinese vs Koreans
Player's team · WIN
Rival team · LOSS
[ REPLAY ANALYSIS · EXTRACTED FROM THE RECORDED GAME ]
Feudal
11:57
Castle
15:35
Imperial
28:53
| APM avg | 41.6 |
| APM peak | 65 |
| eAPM avg | 27.4 |
| Villagers / military | 93 / 49 |
Focus
⚔️ 37.4% · 🌾 62.6%
Fishing Ship ×28 · Fire Galley ×25 · Unknown (2626) ×19 · Chu Ko Nu ×13 · Trebuchet (Packed) ×7 · Petard ×2
Feudal
12:27
Castle
17:57
Imperial
—
| APM avg | 60.8 |
| APM peak | 106 |
| eAPM avg | 25.5 |
| Villagers / military | 98 / 61 |
Focus
⚔️ 31.3% · 🌾 68.7%
Fire Lancer ×40 · Unknown (2626) ×22 · Fishing Ship ×16 · Galley ×7 · Turtle Ship ×6 · Battering Ram ×5
Match map
Initial resources + every placement click. Lines = walls · curves = elevation contours. ◆ gold · ⬟ stone · ● berries · ✦ relic · ◌ wall gap
Your base· ✓ Map-separated
shegin's base· ✓ Map-separated
Smoothed initial terrain · ◌ = detected wall gap · hover for details
Inputs per minute
— avlid - - shegin
Build order — avlid
First 150 of 297 actions detected
| 0:00 | Research | Loom |
| 0:32 | Create | Villager (Male) |
| 0:54 | Create | Villager (Male) |
| 0:54 | Create | Villager (Male) |
| 1:19 | Create | Villager (Male) |
| 1:37 | Build | Lumber Camp |
| 1:44 | Create | Villager (Male) |
| 1:44 | Create | Villager (Male) |
| 2:09 | Create | Villager (Male) |
| 2:37 | Create | Villager (Male) |
| 3:02 | Create | Villager (Male) |
| 3:02 | Create | Villager (Male) |
| 3:11 | Build | House |
| 3:22 | Create | Villager (Male) |
| 3:49 | Create | Villager (Male) |
| 3:50 | Create | Villager (Male) |
| 3:54 | Build | Dock |
| 4:12 | Create | Villager (Male) |
| 4:38 | Build | House |
| 4:41 | Create | Villager (Male) |
| 4:42 | Create | Fishing Ship |
| 5:03 | Create | Villager (Male) |
| 5:24 | Create | Fishing Ship |
| 5:29 | Create | Villager (Male) |
| 5:48 | Create | Fishing Ship |
| 5:54 | Create | Villager (Male) |
| 5:54 | Create | Villager (Male) |
| 6:07 | Build | House |
| 6:21 | Create | Villager (Male) |
| 6:30 | Create | Fishing Ship |
| 6:40 | Create | Villager (Male) |
| 7:05 | Build | House |
| 7:07 | Create | Villager (Male) |
| 7:16 | Build | Palisade Wall |
| 7:21 | Build | Dock |
| 7:24 | Create | Villager (Male) |
| 7:34 | Create | Fishing Ship |
| 7:59 | Create | Villager (Male) |
| 7:59 | Create | Fishing Ship |
| 8:05 | Create | Fishing Ship |
| 8:15 | Build | House |
| 8:19 | Create | Villager (Male) |
| 8:31 | Build | House |
| 8:35 | Create | Fishing Ship |
| 8:35 | Create | Fishing Ship |
| 8:53 | Create | Villager (Male) |
| 9:06 | Create | Fishing Ship |
| 9:07 | Create | Villager (Male) |
| 9:18 | Build | Mill |
| 9:31 | Create | Fishing Ship |
| 9:47 | Research | Feudal Age |
| 9:47 | Research | Feudal Age |
| 9:54 | Build | Mining Camp |
| 9:59 | Create | Fishing Ship |
| 10:06 | Create | Villager (Male) |
| 10:20 | Build | Lumber Camp |
| 10:28 | Create | Fishing Ship |
| 10:54 | Create | Villager (Male) |
| 10:54 | Create | Villager (Male) |
| 11:16 | Build | House |
| 11:24 | Build | Dock |
| 11:57 | Age | Feudal Age |
| 11:59 | Build | Market |
| 12:07 | Build | Blacksmith |
| 12:37 | Create | Transport Ship |
| 12:46 | Build | House |
| 12:47 | Build | House |
| 12:55 | Research | Castle Age |
| 13:04 | Research | Double-Bit Axe |
| 13:11 | Create | Unit 2626 |
| 13:35 | Create | Unit 2626 |
| 13:35 | Create | Unit 2626 |
| 13:41 | Research | Gold Mining |
| 13:56 | Build | Dock |
| 14:09 | Create | Unit 2626 |
| 14:09 | Create | Unit 2626 |
| 14:21 | Research | Tech 906 |
| 14:36 | Research | Forging |
| 14:46 | Create | Villager (Male) |
| 15:06 | Create | Villager (Male) |
| 15:15 | Create | Unit 2626 |
| 15:20 | Build | Dock |
| 15:31 | Research | Town Watch |
| 15:35 | Age | Castle Age |
| 15:38 | Research | War Galley (upgrade) |
| 15:46 | Create | Villager (Male) |
| 16:05 | Create | Villager (Male) |
| 16:14 | Build | Town Center |
| 16:17 | Create | Villager (Male) |
| 16:25 | Build | House |
| 16:27 | Build | House |
| 16:30 | Create | Villager (Male) |
| 16:34 | Create | Villager (Male) |
| 16:39 | Research | Bow Saw |
| 16:50 | Create | Unit 2626 |
| 16:50 | Create | Unit 2626 |
| 16:52 | Create | Villager (Male) |
| 16:52 | Create | Villager (Male) |
| 17:14 | Create | Villager (Male) |
| 17:21 | Create | Unit 2626 |
| 17:21 | Create | Unit 2626 |
| 17:22 | Create | Unit 2626 |
| 17:42 | Create | Villager (Male) |
| 17:42 | Create | Villager (Male) |
| 18:01 | Build | Mining Camp |
| 18:05 | Create | Villager (Male) |
| 18:17 | Create | Unit 2626 ×2 |
| 18:18 | Create | Unit 2626 ×2 |
| 18:41 | Research | Wheelbarrow |
| 18:46 | Create | Villager (Male) |
| 18:46 | Create | Villager (Male) |
| 19:02 | Build | Palisade Wall |
| 19:04 | Build | House |
| 19:08 | Build | House |
| 19:15 | Build | House |
| 19:21 | Research | Horse Collar |
| 19:30 | Build | House |
| 19:45 | Create | Villager (Male) |
| 19:57 | Create | Villager (Male) |
| 20:18 | Research | Hand Cart |
| 20:26 | Build | House |
| 20:41 | Create | Villager (Male) |
| 20:51 | Create | Villager (Male) |
| 21:13 | Create | Villager (Male) |
| 21:23 | Build | House |
| 21:31 | Create | Fire Galley |
| 21:31 | Create | Fire Galley |
| 22:08 | Create | Villager (Male) |
| 22:27 | Create | Villager (Male) |
| 22:40 | Create | Villager (Male) |
| 22:41 | Create | Villager (Male) |
| 22:48 | Build | Dock |
| 22:55 | Create | Villager (Male) |
| 22:55 | Create | Villager (Male) |
| 22:56 | Create | Villager (Male) |
| 22:59 | Build | Dock |
| 23:05 | Create | Unit 2626 |
| 23:05 | Create | Unit 2626 |
| 23:05 | Create | Unit 2626 |
| 23:10 | Create | Fire Galley ×5 |
| 23:12 | Create | Villager (Male) |
| 23:19 | Create | Villager (Male) |
| 23:41 | Build | Dock |
| 23:46 | Build | Town Center |
| 23:46 | Create | Villager (Male) |
| 23:46 | Create | Villager (Male) |
| 23:48 | Build | Outpost |
| 23:49 | Build | Outpost |
| 23:50 | Build | Outpost |
| 23:56 | Create | Unit 2626 |
Build order — shegin
First 150 of 326 actions detected
| 0:00 | Create | Villager (Male) |
| 0:01 | Create | Villager (Male) |
| 0:05 | Build | House |
| 0:08 | Build | House |
| 0:18 | Create | Villager (Male) |
| 0:19 | Create | Villager (Male) |
| 1:09 | Build | Lumber Camp |
| 1:19 | Create | Villager (Male) |
| 1:56 | Create | Villager (Male) |
| 2:17 | Create | Villager (Male) |
| 2:55 | Create | Villager (Male) |
| 3:24 | Create | Villager (Male) |
| 3:33 | Build | Dock |
| 3:49 | Build | House |
| 3:55 | Create | Villager (Male) |
| 3:55 | Create | Villager (Male) |
| 4:23 | Create | Villager (Male) |
| 4:23 | Create | Villager (Male) |
| 4:40 | Create | Fishing Ship |
| 4:51 | Create | Villager (Male) |
| 4:51 | Create | Villager (Male) |
| 4:59 | Build | House |
| 5:12 | Create | Villager (Male) |
| 5:12 | Create | Villager (Male) |
| 5:13 | Create | Fishing Ship |
| 5:40 | Create | Villager (Male) |
| 5:40 | Create | Villager (Male) |
| 5:41 | Create | Villager (Male) |
| 5:53 | Build | Lumber Camp |
| 6:04 | Create | Fishing Ship |
| 6:21 | Create | Villager (Male) |
| 6:41 | Create | Fishing Ship |
| 6:47 | Build | House |
| 6:54 | Create | Villager (Male) |
| 7:05 | Create | Villager (Male) |
| 7:11 | Create | Villager (Male) |
| 7:28 | Build | Dock |
| 7:48 | Create | Fishing Ship |
| 7:53 | Build | House |
| 8:05 | Create | Villager (Male) |
| 8:15 | Create | Fishing Ship |
| 8:25 | Build | House |
| 8:30 | Create | Villager (Male) |
| 8:41 | Create | Fishing Ship |
| 8:44 | Create | Villager (Male) |
| 9:00 | Create | Fishing Ship |
| 9:01 | Create | Fishing Ship |
| 9:11 | Build | Lumber Camp |
| 9:12 | Create | Villager (Male) |
| 9:30 | Research | Loom |
| 9:31 | Create | Fishing Ship |
| 9:41 | Create | Transport Ship |
| 10:10 | Research | Feudal Age |
| 10:15 | Build | Mining Camp |
| 10:32 | Create | Fishing Ship |
| 10:32 | Create | Fishing Ship |
| 10:36 | Build | House |
| 10:38 | Build | House |
| 10:59 | Create | Villager (Male) |
| 11:12 | Create | Fishing Ship |
| 12:07 | Build | Dock |
| 12:27 | Age | Feudal Age |
| 12:33 | Build | Blacksmith |
| 12:35 | Create | Villager (Male) |
| 12:37 | Build | Mill |
| 12:45 | Create | Unit 2626 |
| 12:45 | Create | Unit 2626 |
| 12:59 | Create | Villager (Male) |
| 13:03 | Create | Villager (Male) |
| 13:08 | Create | Unit 2626 |
| 13:24 | Research | Double-Bit Axe |
| 13:28 | Build | Market |
| 13:45 | Create | Unit 2626 |
| 13:45 | Create | Unit 2626 |
| 14:01 | Create | Fishing Ship |
| 14:01 | Create | Fishing Ship |
| 14:01 | Create | Fishing Ship |
| 14:14 | Research | Town Watch |
| 14:16 | Create | Villager (Male) |
| 14:24 | Build | House |
| 14:25 | Build | House |
| 14:28 | Build | House |
| 14:36 | Build | Watch Tower |
| 15:01 | Build | Barracks |
| 15:15 | Create | Unit 2626 |
| 15:15 | Create | Unit 2626 |
| 15:15 | Create | Unit 2626 |
| 15:17 | Research | Castle Age |
| 15:22 | Build | House |
| 15:25 | Build | House |
| 15:53 | Build | Mining Camp |
| 16:06 | Build | Watch Tower |
| 16:08 | Research | Fletching |
| 16:08 | Create | Villager (Male) |
| 16:21 | Create | Galley |
| 16:22 | Create | Galley |
| 16:50 | Create | Galley |
| 16:50 | Create | Galley |
| 17:01 | Build | Palisade Wall |
| 17:01 | Build | Palisade Wall |
| 17:03 | Build | Palisade Wall |
| 17:08 | Create | Villager (Male) |
| 17:35 | Build | Watch Tower |
| 17:46 | Create | Galley |
| 17:57 | Create | Galley |
| 17:57 | Create | Galley |
| 17:57 | Age | Castle Age |
| 18:02 | Build | Siege Workshop |
| 18:06 | Create | Fire Lancer |
| 18:06 | Create | Fire Lancer |
| 18:06 | Create | Fire Lancer |
| 18:12 | Create | Turtle Ship |
| 18:12 | Create | Turtle Ship |
| 18:25 | Create | Turtle Ship |
| 18:25 | Create | Turtle Ship |
| 18:30 | Research | Gold Mining |
| 18:36 | Research | Bow Saw |
| 18:56 | Create | Villager (Male) |
| 19:05 | Build | Outpost |
| 19:08 | Create | Iron Pagoda |
| 19:14 | Research | Bodkin Arrow |
| 19:15 | Create | Villager (Male) |
| 19:44 | Build | Watch Tower |
| 19:46 | Create | Villager (Male) |
| 19:57 | Create | Villager (Male) |
| 20:02 | Build | House |
| 20:09 | Create | Villager (Male) |
| 20:10 | Build | House |
| 20:12 | Build | House |
| 20:17 | Create | Villager (Male) |
| 20:27 | Create | Fire Lancer |
| 20:28 | Create | Fire Lancer |
| 20:28 | Create | Fire Lancer |
| 20:52 | Create | Fire Lancer |
| 20:52 | Create | Villager (Male) |
| 20:58 | Create | Turtle Ship |
| 21:15 | Build | House |
| 21:55 | Create | Villager (Male) |
| 22:04 | Create | Unit 2626 |
| 22:05 | Create | Unit 2626 |
| 22:06 | Research | War Galley (upgrade) |
| 22:07 | Create | Unit 2626 |
| 22:07 | Create | Unit 2626 |
| 22:07 | Create | Villager (Male) |
| 22:13 | Create | Villager (Male) |
| 22:15 | Build | Farm |
| 22:15 | Build | Farm |
| 22:16 | Build | Farm |
| 22:16 | Build | Farm |
| 22:16 | Build | Farm |
Match timeline
| 3:33 | shegin · first_building Dock |
| 3:54 | avlid · first_building Dock |
| 7:16 | avlid · wall_segment Palisade Wall x1 |
| 11:57 | avlid · age_up feudal |
| 12:27 | shegin · age_up feudal |
| 15:01 | shegin · first_building Barracks |
| 15:35 | avlid · age_up castle |
| 15:49 | shegin · first_market_buy 100 stone |
| 17:01 | shegin · wall_segment Palisade Wall x1 |
| 17:01 | shegin · wall_segment Palisade Wall x1 |
| 17:03 | shegin · wall_segment Palisade Wall x1 |
| 17:53 | shegin · first_market_sell 100 food |
| 17:57 | shegin · age_up castle |
| 18:02 | shegin · first_building Siege Workshop |
| 19:02 | avlid · wall_segment Palisade Wall x3 |
| 23:03 | avlid · first_market_buy 100 wood |
| 24:18 | avlid · first_market_sell 500 wood |
| 24:45 | avlid · first_building Monastery |
| 25:51 | avlid · first_building Castle |
| 28:53 | avlid · age_up imperial |
| 40:09 | shegin · resign |
[ AI ANALYSIS · 1 CREDIT ]
What really happened in this match?
Wolo.gg analyzes every decision: build order, eco, micro, common mistakes by bracket. Personalized analysis on WhatsApp or Discord in 30 seconds.
Civ guide
Chinese
Perfil
Jugador #254645